 Dungeon Crawl Stone Soup version 0.14-a0-445-g388476e (webtiles) character file.

215 LostMyPassword the Cutter (level 4, 7/23 HPs)
             Began as a Spriggan Artificer on Oct 30, 2013.
             Quit the game on Level 3 of the Dungeon.
             The game lasted 00:09:16 (3475 turns).

LostMyPassword the Cutter (Spriggan Artificer)      Turns: 3475, Time: 00:09:16

HP   7/23        AC  2     Str  7      XL: 4   Next:  9%
MP  10/10        EV 18     Int 13      God:
Gold 141         SH  0     Dex 17      Spells:  0 memorised,  3 levels left

Res.Fire  : . . .   See Invis. : +   l - +2,-2 elf short sword (curse)
Res.Cold  : . . .   Warding    : .   e - +0 robe
Life Prot.: . . .   Conserve   : .   (shield restricted)
Res.Poison: .       Res.Corr.  : .   (helmet restricted)
Res.Elec. : .       Clarity    : .   (no cloak)
Sust.Abil.: . .     Spirit.Shd : .   (gloves unavailable)
Res.Mut.  : .       Stasis     : .   (boots unavailable)
Res.Rott. : .       Flight     : .   (no amulet)
Saprovore : . . .                    (no ring)
                                     (no ring)

@: very quick, slightly resistant to hostile enchantments, fairly stealthy
A: unfitting armour, see invisible, herbivore 3, speed 3, slow metabolism 2
a: no special abilities


You were on level 3 of the Dungeon.
You were not hungry.

You visited 1 branch of the dungeon, and saw 3 of its levels.

You collected 121 gold pieces.

Inventory:

Hand weapons
 l - a cursed +2,-2 elven short sword (weapon)
Missiles
 q - 21 arrows
Armour
 e - a +0 robe (worn)
Magical devices
 b - a wand of flame (13)
 c - a wand of enslavement (15)
 d - a wand of random effects (15)
Comestibles
 s - 2 apples
 u - a snozzcumber
Scrolls
 h - 3 scrolls of remove curse {unknown}
 k - a scroll of random uselessness {unknown}
 m - 2 scrolls of teleportation {unknown}
 o - a scroll of enchant weapon II {unknown}
 p - 3 scrolls of recharging
 r - a scroll of identify {unknown}
 t - a scroll of enchant weapon I {unknown}
 v - a scroll of blinking {unknown}
Jewellery
 a - a +4 ring of protection {unknown}
Potions
 f - a potion of porridge
 g - a potion of mutation {unknown}
 i - 2 potions of curing {unknown}
 j - a potion of invisibility {unknown}
 n - a potion of paralysis {unknown}


   Skills:
 - Level 0.7 Fighting
 * Level 4.3 Short Blades
 - Level 3.0 Dodging
 - Level 1.5 Stealth
 - Level 4.0 Evocations


You had 3 spell levels left.
You didn't know any spells.

Dungeon Overview and Level Annotations

Branches:
Dungeon (3/27)

Altars:


Innate Abilities, Weirdness & Mutations

You are tiny and cannot use many weapons and most armour.
You have supernaturally acute eyesight.
You are a herbivore.
You cover ground extremely quickly.
You need consume almost no food.


Message History

You hit the orc.
The orc is moderately wounded.
The orc closely misses you.
You hit the orc but do no damage.
The orc is moderately wounded.
The orc closely misses you.
You hit the orc.
The orc is heavily wounded.
The orc closely misses you.
You hit the orc but do no damage.
The orc is heavily wounded.
The orc closely misses you.
You hit the orc but do no damage.
The orc is heavily wounded.
You closely miss the orc.
The orc is heavily wounded.
The orc hits you.
* * * LOW HITPOINT WARNING * * *
Autopickup is now off.
Are you sure you want to abandon this character and quit the game? (Confirm with "yes".)

### ..# #.# #.#
#.# ### #.# ..#
#.# #.# #o# #.#
#@# #.# #.# #.#
#.#
###.#####.#.#
#...........#
###.#.#####.###
#...........#
#.#.#.#####.#
#.#.#.#####.#


You could see an orc.

Vanquished Creatures
  A gnoll (D:1)
  2 adders
  A worm (D:3)
  A giant gecko (D:1)
  3 oozes
  A giant cockroach (D:1)
  3 goblins
  4 hobgoblins (D:1)
  2 jackals (D:1)
  A quokka (D:2)
  4 bats (D:1)
  2 giant newts
  5 kobolds
  6 rats
36 creatures vanquished.

Notes
Turn   | Place    | Note
--------------------------------------------------------------
     0 | D:1      | LostMyPassword, the Spriggan Artificer, began the quest for the Orb.
     0 | D:1      | Reached XP level 1. HP: 11/11 MP: 2/2
   201 | D:1      | Reached XP level 2. HP: 13/15 MP: 5/5
  1518 | D:1      | Reached XP level 3. HP: 3/18 MP: 8/8
  3308 | D:3      | Reached XP level 4. HP: 15/23 MP: 10/10
  3475 | D:3      | Quit the game

Action                   |  1- 3 |  4- 6 || total
-------------------------+-------+-------++-------
Melee: Short sword       |   227 |    28 ||   255
Evoke: Wand              |     1 |     1 ||     2
 Stab: Sleeping          |     3 |       ||     3
